 Dungeon Crawl Stone Soup version 0.28.0-43-g3370ac3207 (webtiles) character file.

Game seed: 11486462484590861349

484 fknight the Poker (level 7, -2/60 HPs)
             Began as a Gnoll Berserker on Mar 12, 2022.
             Was a Priest of Trog.
             Killed from afar by Dowan (9 damage)
             ... with a stone arrow
             ... on level 4 of the Dungeon.
             The game lasted 00:09:43 (4001 turns).

fknight the Poker (Gnoll Berserker)                 Turns: 4001, Time: 00:09:45

Health: -2/60      AC:  7    Str: 18    XL:     7   Next: 12%
Magic:  10/10      EV: 12    Int:  7    God:    Trog [***...]
Gold:   79         SH:  0    Dex: 11    Spells: 10/10 levels left

rFire   . . .      SeeInvis .   a - +0 spear
rCold   . . .      Faith    .   (no shield)
rNeg    . . .      Spirit   .   u - +0 ring mail
rPois   .          Reflect  .   s - +0 helmet
rElec   .          Harm     .   (no cloak)
rCorr   .          Rampage  .   (no gloves)
Will    +++..                   (no boots)
Stlth   +.........              (no amulet)
HPRegen 1.20/turn               c - ring of willpower
MPRegen 0.12/turn               (no ring)

@: strong-willed (expiring), on berserk cooldown, regenerating (expiring),
slowed, very slow
A: fangs 1, strong nose, distributed training
a: Renounce Religion, Berserk, Trog's Hand


You were on level 4 of the Dungeon.
You worshipped Trog.
Trog was most pleased with you.
You visited 1 branch of the dungeon, and saw 4 of its levels.

You collected 79 gold pieces.

Inventory:

Hand Weapons
 a - a +0 spear (weapon)
 b - a +4 dagger
 h - a +1 dagger of draining
Missiles
 e - 73 stones (quivered)
 f - 5 poisoned darts
 l - 20 sling bullets
 p - 5 javelins
Armour
 s - a +0 helmet (worn)
 u - a +0 ring mail (worn)
Jewellery
 c - a ring of willpower (left hand)
Wands
 o - a wand of mindburst (2)
Scrolls
 d - 2 scrolls of immolation {unknown}
 g - a scroll of vulnerability {unknown}
 j - a scroll of torment {unknown}
 m - 2 scrolls of identify {unknown}
 q - a scroll of fear {unknown}
 t - a scroll of teleportation {unknown}
Potions
 i - 6 potions of curing {unknown}
 k - 2 potions of haste {unknown}
 n - a potion of invisibility {unknown}
 r - 2 potions of heal wounds {unknown}


   Skills:
 + Level 7.0 Fighting
 + Level 2.3 Short Blades
 + Level 2.3 Long Blades
 + Level 2.3 Axes
 + Level 2.3 Maces & Flails
 + Level 7.0 Polearms
 + Level 2.3 Staves
 + Level 2.3 Slings
 + Level 2.3 Bows
 + Level 2.3 Crossbows
 + Level 2.3 Throwing
 + Level 5.1 Armour
 + Level 5.1 Dodging
 + Level 2.3 Stealth
 + Level 2.3 Shields
 + Level 2.3 Unarmed Combat
 + Level 2.3 Spellcasting
 + Level 1.8 Conjurations
 + Level 1.8 Hexes
 + Level 1.8 Summonings
 + Level 1.8 Necromancy
 + Level 1.8 Translocations
 + Level 1.8 Transmutations
 + Level 1.8 Fire Magic
 + Level 1.8 Ice Magic
 + Level 1.8 Air Magic
 + Level 1.8 Earth Magic
 + Level 1.8 Poison Magic
 + Level 2.5 Invocations
 + Level 2.3 Evocations


You had 10 spell levels left.
You didn't know any spells.
Your spell library was empty.

Dungeon Overview and Level Annotations

Branches:
Dungeon (4/15)
 Temple: D:4-7

Altars:
Dithmenos

Shops:
D:3 [

Annotations:
D:4 Dowan


Innate Abilities, Weirdness & Mutations

You have very sharp teeth.
Your uncanny sense of smell can sniff out nearby items.
Your experience applies equally to all skills.


Message History

You hit Dowan.
Dowan is lightly wounded.
You hit Dowan.
Dowan is moderately wounded.
Dowan completely misses you.
You barely miss Dowan.
Dowan is moderately wounded.
Dowan hits you with a +2 dagger of freezing.
* * * LOW HITPOINT WARNING * * *
Dowan freezes you.
* * * LOW HITPOINT WARNING * * *
You barely miss Dowan.
Dowan is moderately wounded.
Dowan hits you but does no damage.
You completely miss Dowan.
Dowan is moderately wounded.
Dowan hits you but does no damage.
You puncture Dowan!
Dowan is severely wounded.
You hit Dowan.
Dowan is almost dead.
You feel the effects of Trog's Hand fading.
Dowan hits you but does no damage.
You closely miss Dowan.
Dowan is almost dead.
Dowan hits you but does no damage.
You barely miss Dowan.
Dowan is almost dead.
Dowan gestures wildly while chanting.
Dowan blinks!
Dowan points at you and mumbles some strange words.
The shard of ice hits you!
* * * LOW HITPOINT WARNING * * *
You feel a strong urge to attack something.
You are no longer berserk.
You are exhausted.
You feel yourself slow down. Dowan gestures at you while chanting.
The stone arrow hits you!
You die...

###.............###...<#
.......####.## ###.## #
#..# #.# ####.## ###
#....# #.##
####.#####....# #.
##.##..# #...#...)##
#..e.@### ###...# ##..#
#... #...# ..... ##...#
#...#


You could see Dowan (fast).

Vanquished Creatures
  Menkaure (D:4)
  Duvessa (D:4)
  Blork the orc (D:4)
  A centaur skeleton (D:4)
  An iguana (D:4)
  Robin (D:3)
  3 adders
  A worm (D:3)
  6 dart slugs
  3 orcs (D:4)
  4 ball pythons
  6 endoplasms
  2 giant cockroaches
  10 goblins
  9 hobgoblins
  2 jackals (D:4)
  9 kobolds
  3 quokkas
  5 bats
  5 frilled lizards
  24 rats
  A spectral hobgoblin (D:2)
99 creatures vanquished.

Notes
Turn   | Place    | Note
-------+----------+-------------------------------------------
     0 | D:1      | fknight the Gnoll Berserker began the quest for the Orb.
     0 | D:1      | Reached XP level 1. HP: 23/23 MP: 1/1
   214 | D:1      | Reached XP level 2. HP: 28/29 MP: 2/2
   514 | D:1      | Reached XP level 3. HP: 35/35 MP: 3/3
   653 | D:1      | Reached ** piety under Trog
   943 | D:2      | Reached skill level 1 in Invocations
  1010 | D:2      | Found a faded altar of an unknown god.
  1370 | D:2      | Reached skill level 1 in Short Blades
  1370 | D:2      | Reached skill level 1 in Long Blades
  1370 | D:2      | Reached skill level 1 in Axes
  1370 | D:2      | Reached skill level 1 in Maces & Flails
  1370 | D:2      | Reached skill level 1 in Staves
  1370 | D:2      | Reached skill level 1 in Slings
  1370 | D:2      | Reached skill level 1 in Bows
  1370 | D:2      | Reached skill level 1 in Crossbows
  1370 | D:2      | Reached skill level 1 in Throwing
  1370 | D:2      | Reached skill level 1 in Stealth
  1370 | D:2      | Reached skill level 1 in Shields
  1370 | D:2      | Reached skill level 1 in Unarmed Combat
  1370 | D:2      | Reached skill level 1 in Spellcasting
  1370 | D:2      | Reached skill level 1 in Evocations
  1699 | D:2      | Reached XP level 4. HP: 36/41 MP: 5/5
  2135 | D:3      | Found Yrooruach's Armour Boutique.
  2201 | D:3      | Found a shadowy altar of Dithmenos.
  2383 | D:3      | Reached skill level 1 in Conjurations
  2383 | D:3      | Reached skill level 1 in Hexes
  2383 | D:3      | Reached skill level 1 in Summonings
  2383 | D:3      | Reached skill level 1 in Necromancy
  2383 | D:3      | Reached skill level 1 in Translocations
  2383 | D:3      | Reached skill level 1 in Transmutations
  2383 | D:3      | Reached skill level 1 in Fire Magic
  2383 | D:3      | Reached skill level 1 in Ice Magic
  2383 | D:3      | Reached skill level 1 in Air Magic
  2383 | D:3      | Reached skill level 1 in Earth Magic
  2383 | D:3      | Reached skill level 1 in Poison Magic
  2396 | D:3      | Reached *** piety under Trog
  2468 | D:3      | Noticed Robin
  2489 | D:3      | Killed Robin
  2492 | D:3      | Reached XP level 5. HP: 47/47 MP: 6/6
  3347 | D:4      | Noticed Blork the orc
  3365 | D:4      | Killed Blork the orc
  3366 | D:4      | Reached XP level 6. HP: 53/53 MP: 8/8
  3463 | D:4      | Noticed Menkaure
  3473 | D:4      | Killed Menkaure
  3474 | D:4      | Reached skill level 5 in Armour
  3474 | D:4      | Reached skill level 5 in Dodging
  3970 | D:4      | Noticed Dowan
  3972 | D:4      | Noticed Duvessa
  3989 | D:4      | Killed Duvessa
  3990 | D:4      | Reached XP level 7. HP: 27/60 MP: 10/10
  4001 | D:4      | Killed from afar by Dowan

Illustrated notes

Levels and vault maps discovered:
D:1:      wander_arrival_chamber, layout_basic
D:2:      layout_basic, dreamdust_ecumenical_altar_drowned_temple
D:3:      layout_loops_corners, lemuel_crystal_altar, serial_shops,
          nicolae_shop_hallway_stairs, minmay_rat_hole, uniq_robin
D:4:      layout_layer_cave, nicolae_qazlal_eye_of_the_storm, minivault_11,
          uniq_duvessa, uniq_natasha, uniq_menkaure, uniq_blork_the_orc

Skill      XL: |  1  2  3  4  5  6 |
---------------+-------------------+-----
Invocations    | 1 2 |  2.5
Short Blades   | 1 2 |  2.3
Long Blades    | 1 2 |  2.3
Axes           | 1 2 |  2.3
Maces & Flails | 1 2 |  2.3
Staves         | 1 2 |  2.3
Slings         | 1 2 |  2.3
Bows           | 1 2 |  2.3
Crossbows      | 1 2 |  2.3
Throwing       | 1 2 |  2.3
Stealth        | 1 2 |  2.3
Shields        | 1 2 |  2.3
Unarmed Combat | 1 2 |  2.3
Spellcasting   | 1 2 |  2.3
Evocations     | 1 2 |  2.3
Conjurations   | 1 |  1.8
Hexes          | 1 |  1.8
Summonings     | 1 |  1.8
Necromancy     | 1 |  1.8
Translocations | 1 |  1.8
Transmutations | 1 |  1.8
Fire Magic     | 1 |  1.8
Ice Magic      | 1 |  1.8
Air Magic      | 1 |  1.8
Earth Magic    | 1 |  1.8
Poison Magic   | 1 |  1.8
Armour         | 5 |  5.1
Dodging        | 5 |  5.1
Fighting       | 7 |  7.0
Polearms       | 7 |  7.0

Action                   |  1- 3 |  4- 6 |  7- 9 || total
-------------------------+-------+-------+-------++-------
Melee: Spear             |   108 |   206 |    10 ||   324
       Bite              |     9 |    17 |       ||    26
       Punch             |     3 |     1 |       ||     4
Invok: Trog's Hand       |     1 |     4 |       ||     5
       Berserk           |       |     4 |       ||     4
 Stab: Sleeping          |     1 |     5 |       ||     6
Armor: Animal skin       |     6 |     3 |       ||     9
       Leather armour    |       |    11 |       ||    11
       Ring mail         |       |     2 |     4 ||     6
Dodge: Dodged            |    32 |    75 |     1 ||   108
